 Dungeon Crawl Stone Soup version 0.29.1-1-gd02db6906a (webtiles) character file.

Game seed: 11452948995508686745

1 LastDream the Gusty (level 1, 0/14 HPs)
             Began as a Demigod Air Elementalist on Oct 13, 2022.
             Slain by a ball python (2 damage)
             ... on level 1 of the Dungeon.
             The game lasted 00:00:27 (42 turns).

LastDream the Gusty (Demigod Air Elementalist)        Turns: 42, Time: 00:00:28

Health: 0/14       AC:  2    Str:  9    XL:     1   Next: 13%
Magic:  0/5        EV:  9    Int: 17    God:
Gold:   15         SH:  0    Dex: 14    Spells: 2/3 levels left

rFire   . . .      SeeInvis .   (no weapon)
rCold   . . .      Faith    .   (no shield)
rNeg    . . .      Spirit   .   a - +0 robe
rPois   .          Reflect  .   (no helmet)
rElec   .          Harm     .   (no cloak)
rCorr   .          Rampage  .   (no gloves)
Will    .....                   (no boots)
Stlth   ++........              (no amulet)
HPRegen 0.04/turn               (no ring)
MPRegen 0.09/turn               (no ring)

@: constricted
A: high MP 1, forlorn, divine attributes
a: no special abilities


You were on level 1 of the Dungeon.
You visited 1 branch of the dungeon, and saw 1 of its levels.

You collected 15 gold pieces.

Inventory:

Armour
 a - a +0 robe (worn)
Potions
 b - a potion of magic


   Skills:
 + Level 1.7 Dodging
 + Level 1.7 Stealth
 + Level 1.7 Spellcasting
 + Level 0.8 Conjurations
 + Level 2.7 Air Magic


You had 2 spell levels left.
You knew the following spells:

 Your Spells              Type           Power      Damage    Failure   Level
a - Shock                 Conj/Air       28%        1d4       10%         1

Your spell library contained the following spells:

 Spells                   Type           Power      Damage    Failure   Level
 Static Discharge         Conj/Air       7%         3-4/arc   14%         2
 Swiftness                Air            10%        N/A       19%         3
 Airstrike                Air            5%         2d(1-17)  54%         4


Dungeon Overview and Level Annotations

Branches:
Dungeon (1/15)


Innate Abilities, Weirdness & Mutations

You have an increased reservoir of magic. (+10% MP)
You shall have no god before yourself.
Your divine heritage dramatically boosts your attributes as you level up.


Message History

Aiming: Shock (safe; 10% risk of failure)
Press: ? - help, Shift-Dir - straight line The zap hits the hobgoblin.
The hobgoblin is moderately wounded.
The zap hits the ball python.
The ball python is heavily wounded.
The zap misses the ball python.
A ball python comes into view.
Unknown command.
Unknown command.
The ball python hisses angrily.
You hit the hobgoblin.
The hobgoblin is heavily wounded.
You hear a shout!
The hobgoblin hits you.
Your magical contamination has completely faded away.
You hit the hobgoblin but do no damage.
The hobgoblin is heavily wounded.
The ball python barely misses you. x2; The hobgoblin hits you.
You hit the hobgoblin but do no damage.
The hobgoblin is heavily wounded.
The ball python bites you. The ball python misses you. The hobgoblin hits you.
You hit the hobgoblin but do no damage.
The hobgoblin is heavily wounded.
The ball python completely misses you. The ball python grabs you.
The ball python constricts you. The hobgoblin completely misses you.
You barely miss the hobgoblin.
The hobgoblin is heavily wounded.
The ball python bites you.
* * * LOW HITPOINT WARNING * * *
The ball python constricts you. The ball python bites you.
* * * LOW HITPOINT WARNING * * *
The ball python bites you but does no damage.
The ball python constricts you.
The hobgoblin hits you but does no damage.
Unknown command.
You hit the hobgoblin but do no damage.
The hobgoblin is heavily wounded.
The ball python bites you.
You die...

## .#. .. ..##
##..# #.#.##
#.SgS#######
#.S@.......#
#....#####.
......#.##
#####.#.# #
#.## #..#.##
##.###.######.#
#.## ##.......#
##.###.........


You could see a hobgoblin and 3 ball pythons.

Vanquished Creatures
  An endoplasm (D:1)
1 creature vanquished.

Notes
Turn   | Place    | Note
-------+----------+-------------------------------------------
     0 | D:1      | LastDream the Demigod Air Elementalist began the quest for
                  | the Orb.
     0 | D:1      | Reached XP level 1. HP: 14/14 MP: 5/5
    42 | D:1      | Slain by a ball python

Illustrated notes

Levels and vault maps discovered:
D:1:      minmay_arrival_three_doors, layout_loops_ring,
          nicolae_ecumenical_snake_handling, serial_shops, shop,
          nicolae_shop_statue_plus, shop, shop, shop

Action                   || total
-------------------------++-------
Melee: Unarmed           ||     6
 Cast: Shock             ||     4
Armor: Robe              ||     2
Dodge: Dodged            ||     5
